 Dungeon Crawl Stone Soup version 0.26-a0-651-gb41185065b (webtiles) character file.

Game seed: 322939391079570475

65 Irenicus the Digger (level 3, 28/28 HPs)
             Began as a Deep Dwarf Earth Elementalist on Oct 6, 2020.
             Quit the game on level 3 of the Dungeon.
             The game lasted 00:07:06 (1380 turns).

Irenicus the Digger (Deep Dwarf Earth Elementalist) Turns: 1380, Time: 00:07:07

Health: 28/28      AC:  5    Str: 11    XL:     3   Next: 94%
Magic:  5/5        EV: 11    Int: 16    God:
Gold:   76         SH:  0    Dex: 13    Spells: 3/6 levels left

rFire    . . .     SeeInvis .   a - +0 club
rCold    + . .     Faith    .   (no shield)
rNeg     . . .     Spirit   .   j - +0 ring mail
rPois    .         Reflect  .   (no helmet)
rElec    .         Harm     .   (no cloak)
rCorr    .         Rampage  .   (no gloves)
MR       .....                  (no boots)
Stlth    +.........             (no amulet)
HPRegen  0.00/turn              g - ring of protection from cold {rC+, !d}
MPRegen  0.09/turn              (no ring)

@: non-regenerating
A: damage resistance, heal wounds, sense surroundings 1, no regeneration
a: Heal Wounds


You were on level 3 of the Dungeon.
You visited 1 branch of the dungeon, and saw 3 of its levels.

You collected 76 gold pieces.

Inventory:

Hand Weapons
 a - a +0 club (weapon)
   (You took it off a hobgoblin on level 1 of the Dungeon)
Armour
 j - a +0 ring mail (worn)
   (You found it on level 2 of the Dungeon)
Jewellery
 f - an uncursed amulet of faith {Faith, !P}
   (You found it on level 1 of the Dungeon)
 g - a ring of protection from cold (left hand) {rC+, !d}
   (You found it on level 1 of the Dungeon)
Wands
 d - a wand of flame (8)
   (You found it on level 3 of the Dungeon)
Scrolls
 c - a scroll of fog {unknown}
 e - a scroll of identify {unknown}
Potions
 i - 2 potions of brilliance


   Skills:
 - Level 2.1 Dodging
 - Level 2.4 Stealth
 - Level 2.0 Spellcasting
 - Level 0.8 Transmutations
 + Level 6.3 Earth Magic


You had 3 spell levels left.
You knew the following spells:

 Your Spells              Type           Power        Failure   Level
a - Sandblast             Erth           ###...       3%          1
w - Passwall              Tmut/Erth      ##......     17%         2

Your spell library contained the following spells:

 Spells                   Type           Power        Failure   Level
 Stone Arrow              Conj/Erth      ##....       38%         3
 Lee's Rapid Deconstruct  Erth           ###.......   71%         5
 Petrify                  Tmut/Erth      ##......     75%         4


Dungeon Overview and Level Annotations

Branches:
Dungeon (3/15)

Altars:


Innate Abilities, Weirdness & Mutations

You are resistant to damage.
You can heal yourself by infusing magical energy.
You passively map a small area around you.
You do not regenerate.


Message History

You hit the jackal but do no damage. The jackal bites you.
The jackal bites you but does no damage.
The jackal closely misses you. The jackal barely misses you.
The jackal closely misses you. x2
You hit the jackal.
The jackal is heavily wounded.
The jackal misses you. The jackal bites you. The jackal misses you.
The jackal bites you but does no damage. x2
The jackal closely misses you.
You barely miss the jackal.
The jackal is heavily wounded.
The jackal closely misses you. The jackal completely misses you.
The jackal bites you.
The jackal bites you but does no damage.
You miss the jackal.
The jackal is heavily wounded.
The jackal bites you but does no damage.
The jackal bites you. x2
The jackal bites you but does no damage.
The jackal barely misses you.
You closely miss the jackal.
The jackal is heavily wounded.
The jackal closely misses you.
The jackal bites you but does no damage.
The jackal barely misses you.
The jackal bites you but does no damage.
The jackal bites you.
The jackal bites you but does no damage.
You barely miss the jackal.
The jackal is heavily wounded.
The jackal barely misses you. x2
The jackal bites you but does no damage.
The jackal closely misses you. x2; The jackal misses you.
You closely miss the jackal.
The jackal is heavily wounded.
The jackal barely misses you. x2; The jackal bites you.
* * * LOW HITPOINT WARNING * * *
The jackal bites you but does no damage.
The jackal closely misses you. The jackal misses you.
You take 1 damage, and have 6/28 hp.
You closely miss the jackal.
The jackal is heavily wounded.
The jackal barely misses you. The jackal misses you.
The jackal bites you but does no damage.
The jackal completely misses you.
You hit the jackal but do no damage.
The jackal is heavily wounded.
The jackal bites you.
* * * LOW HITPOINT WARNING * * *
The jackal bites you but does no damage. x2
The jackal barely misses you. The jackal misses you.
You take 1 damage, and have 5/28 hp.
You hit the jackal but do no damage.
The jackal is heavily wounded.
The jackal barely misses you.
The jackal bites you but does no damage.
The jackal bites you.
The jackal bites you but does no damage.
The jackal bites you.
* * * LOW HITPOINT WARNING * * *
The jackal closely misses you.
You take 1 damage, and have 4/28 hp.
You hit the jackal.
You kill the jackal!
The jackal bites you but does no damage.
The jackal misses you. The jackal bites you. The jackal closely misses you.
The jackal bites you.
You see here a jackal corpse.
The jackal misses you.
You hit the jackal but do no damage.
The jackal is heavily wounded.
The jackal barely misses you.
The jackal bites you but does no damage.
You closely miss the jackal.
The jackal is heavily wounded.
The jackal barely misses you.
The jackal bites you but does no damage.
You hit the jackal.
The jackal is severely wounded.
The jackal bites you but does no damage.
You barely miss the jackal.
The jackal is severely wounded.
The jackal bites you but does no damage.
The jackal misses you.
You barely miss the jackal.
The jackal is severely wounded.
The jackal barely misses you. The jackal closely misses you.
You hit the jackal.
You kill the jackal!
The jackal barely misses you.
You closely miss the jackal. The jackal bites you. x2
You fail to use your ability.
The jackal barely misses you.
You fail to use your ability.
The jackal bites you. The jackal barely misses you.
Your magical essence is drained by the effort!
You feel much better.
The jackal bites you but does no damage.
Health restored: 28 You now have 5/5 mp.
Are you sure you want to abandon this character and quit the game? (Confirm with "yes".)

### ######.##########
#......†h@......#
#.####.########.#
#...hh.... ,
##.########## *
*#...........########## ,
#...........#.<.........
, ,
,#.#########.#..########.
#. , , #.#..# #. ,# *,
#.#$.# * *#.


You could see a jackal.

Vanquished Creatures
  2 adders (D:2)
  A leopard gecko (D:1)
  An orc (D:2)
  A giant cockroach (D:2)
  4 goblins
  5 hobgoblins
  4 jackals (D:3)
  5 kobolds
  A ball python (D:2)
  7 bats
  7 frilled lizards
  8 rats
46 creatures vanquished.

Notes
Turn   | Place    | Note
-------+----------+-------------------------------------------
     0 | D:1      | Irenicus the Deep Dwarf Earth Elementalist began the quest
                  | for the Orb.
     0 | D:1      | Reached XP level 1. HP: 15/15 MP: 3/3
   114 | D:1      | Reached skill level 2 in Spellcasting
   156 | D:1      | Reached XP level 2. HP: 17/22 MP: 0/5
   495 | D:1      | Reached skill level 5 in Earth Magic
   707 | D:2      | Reached XP level 3. HP: 12/28 MP: 4/6
   924 | D:2      | Learned a level 2 spell: Passwall
   978 | D:2      | Reached skill level 6 in Earth Magic
  1352 | D:3      | HP: 7/28 [jackal (1)]
  1362 | D:3      | HP: 6/28 [jackal (1)]
  1380 | D:3      | Quit the game

Illustrated notes

Levels and vault maps discovered:
D:1:      scummos_arrival_simple_fountains, layout_loops_corners
D:2:      layout_basic, minmay_misc_feat_four_crosses
D:3:      layout_basic, uniq_jessica

Skill      XL: |  1  2  3 |
---------------+----------+-----
Spellcasting   | 2 |  2.0
Earth Magic    | 5 6 |  6.3
Dodging        | |  2.1
Stealth        | |  2.4
Transmutations | |  0.8

Action                   || total
-------------------------++-------
Melee: Club              ||    61
 Cast: Sandblast         ||    53
       Passwall          ||     9
 Abil: Heal Wounds       ||     1
  Use: Scroll            ||     4
       Potion            ||     1
Armor: Robe              ||     4
       Ring mail         ||    74
Dodge: Dodged            ||   136

Table legend: (Time is in decaauts)
 A = Elapsed time spent in this place.
 B = Non-inter-level travel time spent in this place.
 C = Inter-level travel time spent in this place.
 D = Time resting spent in this place.
 E = Time spent auto-exploring this place.
 F = Levels seen in this place.
 G = Mean time per level.
                   A        B        C        D        E       F      G
               +--------+--------+--------+--------+--------+-----+--------+
         Total |   1396 |   1367 |     29 |      0 |      0 |   3 |  465.3 |
       Dungeon |   1396 |   1367 |     29 |      0 |      0 |   3 |  465.3 |
               +--------+--------+--------+--------+--------+-----+--------+

Top non-repeatable levels by time:
     D:1: 669 daAuts
     D:2: 628 daAuts
     D:3: 98 daAuts

Table legend:
 A = Kills in this place as a percentage of kills in entire the game.
 B = Kills by you in this place as a percentage of kills by you in the entire game.
 C = Kills by friends in this place as a percentage of kills by friends in the entire game.
 D = Other kills in this place as a percentage of other kills in the entire game.
 E = Experience gained in this place as a percentage of experience gained in the entire game.
 F = Experience gained in this place divided by the number of levels of this place that you have seen.
                   A       B       C       D       E      F
               +-------+-------+-------+-------+-------+----------------------
         Total | 100.0 | 100.0 |   N/A |   N/A | 100.0 |  31.3
       Dungeon | 100.0 | 100.0 |   N/A |   N/A | 100.0 |  31.3
               +-------+-------+-------+-------+-------+----------------------
